Tigers vs Moose

Created - Thursday, March 17, 2016 at 02:44

Goals
1 2 3 T
Tigers 0 1 1 2
Moose 1 0 0 1
Shots
1 2 3 T
Tigers 10 8 9 27
Moose 14 2 10 26

1st period

1. Moose , Cody Kunyk 2 (Josh Manson, Clayton Stoner) at 15:36

Penalties :
Brady Austin (MAN) for Fighting (Major) at 2:09, Cody McLeod (BRI) for Fighting (Major) at 2:09, Brady Austin (MAN) for instigated a fight (Minor) at 2:09, Brady Austin (MAN) for instigated a fight (10 Minutes Misconduct) at 2:09, Cody McLeod (BRI) for Interference (Minor) at 12:07, Rasmus Rissanen (MAN) for Cross-checking (Minor) at 14:10, Patrick Kaleta (BRI) for Holding (Minor) at 14:19

2nd period

2. Tigers , Ty Rattie 20 (Brandon Bollig) at 19:35

Penalties :
Kyle Quincey (BRI) for Tripping (Minor) at 11:43, Corey Cowick (MAN) for Hooking (Minor) at 16:44

3rd period

3. Tigers , Rene Bourque 14 (Kyle Quincey, Patrick Kaleta) at 14:33 (PP)

Penalties :
Ryan Malone (MAN) for Hooking (Minor) at 0:47, Brandon Bollig (BRI) for Charging (Minor) at 3:43, Cody McLeod (BRI) for Interference (Minor) at 9:12, Garret Ross (MAN) for Roughing (Minor) at 13:22, Jordon Southorn (MAN) for Tripping (Minor) at 18:07

Goalie Stats

Cam Ward (BRI), 25 saves from 26 shots - (0.962), W, 43-7-19, 60:00 minutes
Sam Brittain (MAN), 25 saves from 27 shots - (0.926), L, 24-11-12, 60:00 minutes

Players Stats for Tigers

Player Name              G  A  P  +/- PIM S  H  SB GA TA FO     MP     PP MP  PK MP  
------------------------------------------------------------------------------------
Adam Comrie              0  0  0  -1  0   1  3  0  0  0  0/0    22:15   3:31   6:08 
Alexander Khokhlachev    0  0  0   0  0   2  0  0  1  0  2/8    14:23   4:34   0:07 
Brandon Bollig           0  1  1   1  2   2  0  1  2  0  1/1    16:16   0:00   0:55 
Brandon Defazio          0  0  0   0  0   0  2  0  0  0  0/0     9:13   1:42   1:45 
Carter Rowney            0  0  0   0  0   1  3  1  0  1  4/10   16:41   4:35   0:00 
Chandler Stephenson      0  0  0   1  0   0  0  2  0  0  3/9    15:54   0:00   3:20 
Cody McLeod              0  0  0  -1  9   1  4  0  4  1  3/6    18:57   3:11   2:11 
Connor Carrick           0  0  0  -1  0   0  0  1  0  0  0/0    22:15   3:31   6:08 
David Booth              0  0  0  -1  0   3  0  1  3  2  0/0    20:49   4:30   5:03 
Harry Zolnierczyk        0  0  0   0  0   0  0  0  0  1  0/0     2:42   0:21   0:00 
Ian White                0  0  0   1  0   0  0  1  0  1  0/0    14:36   0:00   0:00 
Jordan Leopold           0  0  0   0  0   1  1  0  2  1  0/0    23:09   5:38   1:57 
Kane Lafranchise         0  0  0   1  0   2  0  0  0  1  0/0    14:36   0:00   0:00 
Kyle Quincey             0  1  1   0  2   1  4  0  1  2  0/0    23:37   5:38   1:57 
Patrick Kaleta           0  1  1   0  2   3  3  0  4  0  0/0    17:12   4:34   0:00 
Rene Bourque             1  0  1   0  0   7  0  0  2  0  0/0    18:47   3:59   1:17 
Ronalds Kenins           0  0  0   0  0   1  1  0  0  0  0/0     3:19   0:00   0:00 
Ty Rattie                1  0  1   1  0   2  0  0  3  0  0/0    15:18   0:00   1:32 

Players Stats for Moose

Player Name              G  A  P  +/- PIM S  H  SB GA TA FO     MP     PP MP  PK MP  
------------------------------------------------------------------------------------
Brady Austin             0  0  0   0  17  2  1  1  0  2  0/0    13:49   2:12   2:48 
Cedric Paquette          0  0  0   0  0   1  3  1  0  0  0/0    19:52   4:18   5:56 
Clayton Stoner           0  1  1   1  0   2  2  4  1  1  0/0    26:21   5:30   5:26 
Cody Kunyk               1  0  1   1  0   1  0  0  4  0  2/3    10:21   0:30   0:58 
Corey Cowick             0  0  0   1  2   0  0  0  0  0  0/0     7:08   0:00   0:00 
Daniil Tarasov           0  0  0   0  0   6  1  0  0  0  2/3    15:50   0:00   1:49 
David Wohlberg           0  0  0   0  0   0  1  1  0  0  0/0    15:10   0:00   1:41 
Derek Roy                0  0  0   0  0   0  0  0  1  0  12/17  20:08   3:17   5:17 
Garret Ross              0  0  0  -1  2   1  1  0  1  0  0/1    16:08   4:09   0:00 
Greg McKegg              0  0  0  -1  0   1  1  0  3  0  0/1    16:09   4:09   0:00 
Joel Edmundson           0  0  0  -1  0   1  1  1  1  0  0/0    19:36   0:00   3:52 
Jordon Southorn          0  0  0   0  2   0  0  0  0  0  0/0    11:34   0:00   0:00 
Josh Manson              0  1  1   1  0   4  1  2  1  3  0/0    22:20   4:53   5:17 
Michael Schumacher       0  0  0   0  0   1  2  0  2  0  0/0    15:24   0:09   0:48 
Rasmus Rissanen          0  0  0  -1  2   1  1  2  0  0  0/0    19:26   3:44   0:55 
Ryan Malone              0  0  0  -1  2   0  3  0  1  0  5/9    16:18   3:47   0:00 
Ryan Spooner             0  0  0   0  0   4  1  0  3  1  0/0    15:34   3:47   1:49 
Thomas Larkin            0  0  0   0  0   1  1  0  0  1  0/0     7:47   0:00   0:00 

3 Stars

1 - Cam Ward (BRI)
2 - Ty Rattie (BRI)
3 - Cody Kunyk (MAN)

Power Play

Tigers - 1 on 6 Attempt(s) - 16.67%
Moose - 0 on 5 Attempt(s) - 0.00%

Penalty Kill

Tigers - 5 on 5 Attempt(s) - 100.00% - Score 0 goal in Penalty Kill
Moose - 5 on 6 Attempt(s) - 83.33% - Score 0 goal in Penalty Kill

Team Stat

Tigers - Hits : 21 - Faceoff Wins : 13 - Blocked Shots : 7 - Penalty Minutes : 15
Moose - Hits : 20 - Faceoff Wins : 21 - Blocked Shots : 12 - Penalty Minutes : 27

Official

Referees : Unknown
Linesman : Unknown

Game Notes

Brady Austin beats up Cody McLeod at 2:09 of 1st period

Finance

Level 1 -- Attendance: 1613 (80.65%) -- Ticket Income $48,390
Level 2 -- Attendance: 801 (80.10%) -- Ticket Income $10,413
Total Attendance: 2414 (80.47%)
Total Ticket Income: $58,803
Other Income: $28,813
Total Income: $87,616

Tigers

5 vs 5 Forward 
   Center                   Left Wing                Right Wing               Time % Phy DF OF 
 1 Alexander Khokhlachev    Cody McLeod              David Booth              35     1   2  2  
 2 Carter Rowney            Rene Bourque             Patrick Kaleta           30     1   2  2  
 3 Chandler Stephenson      Brandon Bollig           Ty Rattie                22     1   2  2  
 4 Cody McLeod              Ronalds Kenins           David Booth              13     1   2  2  

5 vs 5 Defense 
   Defense                  Defense                                           Time % Phy DF OF 
 1 Kyle Quincey             Jordan Leopold                                    35     1   2  2  
 2 Connor Carrick           Adam Comrie                                       30     1   2  2  
 3 Kane Lafranchise         Ian White                                         22     1   2  2  
 4 Kyle Quincey             Jordan Leopold                                    13     1   2  2  

PowerPlay Forward 
   Center                   Left Wing                Right Wing               Time % Phy DF OF 
 1 Alexander Khokhlachev    Cody McLeod              David Booth              60     1   2  2  
 2 Carter Rowney            Rene Bourque             Patrick Kaleta           40     1   2  2  

PowerPlay Defense
   Defense                  Defense                                           Time % Phy DF OF 
 1 Kyle Quincey             Jordan Leopold                                    60     1   2  2  
 2 Connor Carrick           Adam Comrie                                       40     1   2  2  

Penalty Kill 4 Players Forward 
   Center                   Wing                     Time % Phy DF OF 
 1 Cody McLeod              David Booth              60     1   2  2  
 2 Rene Bourque             Brandon Bollig           40     1   2  2  

Penalty Kill 4 Players Defense
   Defense                  Defense                  Time % Phy DF OF 
 1 Kyle Quincey             Jordan Leopold           60     1   2  2  
 2 Connor Carrick           Adam Comrie              40     1   2  2  

Penalty Kill - 3 Players Forward 
   Forward                                           Time % Phy DF OF 
 1 Cody McLeod                                       60     1   2  2  
 2 David Booth                                       40     1   2  2  

Penalty Kill - 3 Players Defense
   Defense                  Defense                  Time % Phy DF OF 
 1 Kyle Quincey             Jordan Leopold           60     1   2  2  
 2 Connor Carrick           Adam Comrie              40     1   2  2  

4 vs 4 Forward 
   Center                   Wing                     Time % Phy DF OF 
 1 Cody McLeod              David Booth              60     1   2  2  
 2 Rene Bourque             Brandon Bollig           40     1   2  2  

4 vs 4 Defense
   Defense                  Defense                  Time % Phy DF OF 
 1 Kyle Quincey             Jordan Leopold           60     1   2  2  
 2 Connor Carrick           Adam Comrie              40     1   2  2  

Last Minutes Offensive
   Center                   Left Wing                Right Wing               Defense                  Defense                  
   Alexander Khokhlachev    Cody McLeod              David Booth              Kyle Quincey             Jordan Leopold           

Last Minutes Defensive
   Center                   Left Wing                Right Wing               Defense                  Defense                  
   Alexander Khokhlachev    Cody McLeod              David Booth              Kyle Quincey             Jordan Leopold           

Goaltenders
Starting : Cam Ward                 
Backup : Scott Munroe             

Extra Forwards
Normal : Brandon Defazio, Harry Zolnierczyk, Ty Rattie - PP : Brandon Defazio, Harry Zolnierczyk - PK : Ty Rattie
Extra Defensemen
Normal : Kane Lafranchise, Ian White, Connor Carrick - PP : Kane Lafranchise - PK : Ian White, Connor Carrick
Penalty Shots
Cody McLeod, David Booth, Rene Bourque, Brandon Bollig, Patrick Kaleta

Moose

5 vs 5 Forward 
   Center                   Left Wing                Right Wing               Time % Phy DF OF 
 1 Derek Roy                Ryan Spooner             Cedric Paquette          35     1   2  2  
 2 Ryan Malone              Greg McKegg              Garret Ross              30     1   2  2  
 3 Daniil Tarasov           Michael Schumacher       David Wohlberg           22     1   2  2  
 4 Cody Kunyk               Corey Cowick             Derek Roy                13     1   2  2  

5 vs 5 Defense 
   Defense                  Defense                                           Time % Phy DF OF 
 1 Clayton Stoner           Josh Manson                                       35     1   2  2  
 2 Rasmus Rissanen          Joel Edmundson                                    30     1   2  2  
 3 Brady Austin             Jordon Southorn                                   22     1   2  2  
 4 Thomas Larkin            Clayton Stoner                                    13     1   2  2  

PowerPlay Forward 
   Center                   Left Wing                Right Wing               Time % Phy DF OF 
 1 Derek Roy                Ryan Spooner             Cedric Paquette          60     1   2  2  
 2 Ryan Malone              Greg McKegg              Garret Ross              40     1   2  2  

PowerPlay Defense
   Defense                  Defense                                           Time % Phy DF OF 
 1 Clayton Stoner           Josh Manson                                       60     1   2  2  
 2 Brady Austin             Rasmus Rissanen                                   40     1   2  2  

Penalty Kill 4 Players Forward 
   Center                   Wing                     Time % Phy DF OF 
 1 Derek Roy                Cedric Paquette          60     1   2  2  
 2 Ryan Spooner             Daniil Tarasov           40     1   2  2  

Penalty Kill 4 Players Defense
   Defense                  Defense                  Time % Phy DF OF 
 1 Clayton Stoner           Josh Manson              60     1   2  2  
 2 Joel Edmundson           Brady Austin             40     1   2  2  

Penalty Kill - 3 Players Forward 
   Forward                                           Time % Phy DF OF 
 1 Derek Roy                                         60     1   2  2  
 2 Corey Cowick                                      40     1   2  2  

Penalty Kill - 3 Players Defense
   Defense                  Defense                  Time % Phy DF OF 
 1 Clayton Stoner           Rasmus Rissanen          60     1   2  2  
 2 Jordon Southorn          Josh Manson              40     1   2  2  

4 vs 4 Forward 
   Center                   Wing                     Time % Phy DF OF 
 1 Derek Roy                Ryan Spooner             60     1   2  2  
 2 Cedric Paquette          Michael Schumacher       40     1   2  2  

4 vs 4 Defense
   Defense                  Defense                  Time % Phy DF OF 
 1 Josh Manson              Clayton Stoner           60     1   2  2  
 2 Thomas Larkin            Joel Edmundson           40     1   2  2  

Last Minutes Offensive
   Center                   Left Wing                Right Wing               Defense                  Defense                  
   Derek Roy                Cedric Paquette          Ryan Spooner             Clayton Stoner           Josh Manson              

Last Minutes Defensive
   Center                   Left Wing                Right Wing               Defense                  Defense                  
   Derek Roy                Cedric Paquette          Ryan Spooner             Clayton Stoner           Josh Manson              

Goaltenders
Starting : Sam Brittain             
Backup : Antoine Bibeau           

Extra Forwards
Normal : Cody Kunyk, Derek Roy, Ryan Spooner - PP : Cedric Paquette, Ryan Malone - PK : David Wohlberg
Extra Defensemen
Normal : Thomas Larkin, Jordon Southorn, Clayton Stoner - PP : Josh Manson - PK : Rasmus Rissanen, Clayton Stoner
Penalty Shots
Cody Kunyk, Derek Roy, Ryan Spooner, Cedric Paquette, Ryan Malone

% Time on Ice - Tigers

Lines # - Real PCT - Wanted PCT - Time Play
Normal Forward
1 - 27% - 35% - 10:54
2 - 35% - 30% - 14:09
3 - 31% - 22% - 12:34
4 - 8% - 13% - 3:19
Normal Defense
1 - 32% - 35% - 13:11
2 - 30% - 30% - 12:16
3 - 36% - 22% - 14:36
4 - 2% - 13% - 0:53
PP Forward
1 - 50% - 60% - 4:34
2 - 50% - 40% - 4:35
PP Defense
1 - 62% - 60% - 5:38
2 - 38% - 40% - 3:31
PK Forward
1 - 84% - 60% - 6:48
2 - 16% - 40% - 1:17
PK Defense
1 - 24% - 60% - 1:57
2 - 76% - 40% - 6:08
PK3 Forward
1 - 0% - 60%
2 - 0% - 40%
PK3 Defense
1 - 0% - 60%
2 - 0% - 40%
44 Forward
1 - 98% - 60% - 1:48
2 - 2% - 40% - 0:02
44 Defense
1 - 82% - 60% - 1:30
2 - 18% - 40% - 0:20
Last Minute Offensive  - 0:00
Last Minute Defensive  - 0:00
Total
Forward - 60:00
Defense - 60:00

% Time on Ice - Moose

Lines # - Real PCT - Wanted PCT - Time Play
Normal Forward
1 - 18% - 35% - 7:29
2 - 33% - 30% - 13:20
3 - 33% - 22% - 13:28
4 - 16% - 13% - 6:39
Normal Defense
1 - 27% - 35% - 11:09
2 - 37% - 30% - 15:01
3 - 28% - 22% - 11:35
4 - 8% - 13% - 3:11
PP Forward
1 - 47% - 60% - 3:47
2 - 53% - 40% - 4:18
PP Defense
1 - 56% - 60% - 4:30
2 - 44% - 40% - 3:35
PK Forward
1 - 80% - 60% - 7:20
2 - 20% - 40% - 1:49
PK Defense
1 - 58% - 60% - 5:17
2 - 42% - 40% - 3:52
PK3 Forward
1 - 0% - 60%
2 - 0% - 40%
PK3 Defense
1 - 0% - 60%
2 - 0% - 40%
44 Forward
1 - 91% - 60% - 1:40
2 - 9% - 40% - 0:10
44 Defense
1 - 55% - 60% - 1:01
2 - 45% - 40% - 0:49
Last Minute Offensive  - 0:00
Last Minute Defensive  - 0:00
Total
Forward - 60:00
Defense - 60:00

Play by Play

1st period


0:01 of 1st period - Derek Roy wins face-off versus Alexander Khokhlachev in neutral zone.
0:32 of 1st period - Jordan Leopold is hit by Clayton Stoner and loses puck.
1:16 of 1st period - Wrist shot by Rene Bourque.
1:16 of 1st period - Stopped by Sam Brittain with a rebound.
1:18 of 1st period - Wrist shot by Patrick Kaleta.
1:18 of 1st period - Shot Misses the Net.
1:24 of 1st period - Snap shot by Rene Bourque.
1:24 of 1st period - Shot Misses the Net.
1:46 of 1st period - Snap shot by Ty Rattie.
1:46 of 1st period - Stopped by Sam Brittain with a rebound.
1:56 of 1st period - Slapshot by Joel Edmundson.
1:56 of 1st period - Stopped by Cam Ward with a rebound.
1:58 of 1st period - Slapshot by Michael Schumacher.
1:58 of 1st period - Shot Misses the Net.
2:00 of 1st period - Wrist shot by Daniil Tarasov.
2:00 of 1st period - Stopped by Cam Ward with a rebound.
2:02 of 1st period - Wrist shot by Rasmus Rissanen.
2:02 of 1st period - Shot Misses the Net.
2:04 of 1st period - Slapshot by Rasmus Rissanen.
2:04 of 1st period - Stopped by Cam Ward without a rebound.
2:05 of 1st period - Cody McLeod wins face-off versus Cody Kunyk in Tigers zone.
2:09 of 1st period - Brady Austin beats up Cody McLeod.
2:09 of 1st period - Penalty to Brady Austin for Fighting.
2:09 of 1st period - Penalty to Cody McLeod for Fighting.
2:09 of 1st period - Penalty to Brady Austin for instigated a fight.
2:09 of 1st period - Penalty to Brady Austin for instigated a fight.
2:10 of 1st period - Derek Roy wins face-off versus Alexander Khokhlachev in Moose zone.
2:21 of 1st period - Slapshot by Kyle Quincey.
2:21 of 1st period - Shot Misses the Net.
2:23 of 1st period - Snap shot by David Booth.
2:23 of 1st period - Stopped by Sam Brittain with a rebound.
2:25 of 1st period - Snap shot by Kyle Quincey.
2:25 of 1st period - Shot Blocked by Rasmus Rissanen.
2:27 of 1st period - Slapshot by Alexander Khokhlachev.
2:27 of 1st period - Shot Misses the Net.
2:29 of 1st period - Slapshot by Alexander Khokhlachev.
2:29 of 1st period - Stopped by Sam Brittain with a rebound.
2:31 of 1st period - Slapshot by Kyle Quincey.
2:31 of 1st period - Shot Blocked by Rasmus Rissanen.
2:33 of 1st period - Snap shot by David Booth.
2:33 of 1st period - Deflect By Cedric Paquette.
2:33 of 1st period - Shot Misses the Net.
2:33 of 1st period - Puck is out of play.
2:34 of 1st period - Carter Rowney wins face-off versus Derek Roy in Moose zone.
3:08 of 1st period - Slapshot by Rene Bourque.
3:08 of 1st period - Stopped by Sam Brittain with a rebound.
3:10 of 1st period - Snap shot by Adam Comrie.
3:10 of 1st period - Stopped by Sam Brittain with a rebound.
4:04 of 1st period - Snap shot by Daniil Tarasov.
4:04 of 1st period - Stopped by Cam Ward with a rebound.
4:09 of 1st period - Penalty to Brady Austin is over, David Wohlberg is send on ice.
5:53 of 1st period - Snap shot by Daniil Tarasov.
5:53 of 1st period - Shot Misses the Net.
6:54 of 1st period - Snap shot by Ryan Spooner.
6:54 of 1st period - Stopped by Cam Ward with a rebound.
6:56 of 1st period - Slapshot by Josh Manson.
6:56 of 1st period - Shot Misses the Net.
6:58 of 1st period - Backhand shot by Cedric Paquette.
6:58 of 1st period - Stopped by Cam Ward with a rebound.
7:20 of 1st period - Snap shot by Daniil Tarasov.
7:20 of 1st period - Stopped by Cam Ward without a rebound.
7:21 of 1st period - Daniil Tarasov wins face-off versus Alexander Khokhlachev in Tigers zone.
8:12 of 1st period - Clayton Stoner is hit by Ronalds Kenins and loses puck.
9:20 of 1st period - Connor Carrick is hit by Cedric Paquette and loses puck.
9:52 of 1st period - Cody McLeod is hit by Ryan Malone and loses puck.
11:05 of 1st period - Icing by Kyle Quincey.
11:06 of 1st period - Ryan Malone wins face-off versus Carter Rowney in Tigers zone.
12:01 of 1st period - David Booth is hit by Thomas Larkin and loses puck.
12:07 of 1st period - Minor Penalty to Cody McLeod for Interference.
12:08 of 1st period - Chandler Stephenson wins face-off versus Ryan Malone in Tigers zone.
12:24 of 1st period - Wrist shot by Garret Ross.
12:24 of 1st period - Stopped by Cam Ward with a rebound.
12:26 of 1st period - Slapshot by Josh Manson.
12:26 of 1st period - Stopped by Cam Ward with a rebound.
12:40 of 1st period - Wrist shot by Ryan Spooner.
12:40 of 1st period - Shot Blocked by David Booth.
12:58 of 1st period - Rasmus Rissanen is hit by Adam Comrie and loses puck.
13:29 of 1st period - Ty Rattie is hit by Cedric Paquette and loses puck.
13:46 of 1st period - Clayton Stoner is hit by Brandon Defazio and loses puck.
14:07 of 1st period - Penalty to Cody McLeod is over, Cody McLeod is back on ice.
14:10 of 1st period - Minor Penalty to Rasmus Rissanen for Cross-checking.
14:11 of 1st period - Derek Roy wins face-off versus Carter Rowney in Moose zone.
14:11 of 1st period - Derek Roy is hit by Patrick Kaleta.
14:19 of 1st period - Minor Penalty to Patrick Kaleta for Holding.
14:20 of 1st period - Derek Roy wins face-off versus Cody McLeod in Tigers zone.
14:20 of 1st period - Wrist shot by Ryan Spooner.
14:20 of 1st period - Stopped by Cam Ward with a rebound.
14:22 of 1st period - Slapshot by Thomas Larkin.
14:22 of 1st period - Deflect By Cody McLeod.
14:22 of 1st period - Stopped by Cam Ward with a rebound.
14:24 of 1st period - Slapshot by Ryan Spooner.
14:24 of 1st period - Shot Misses the Net.
14:26 of 1st period - Snap shot by Ryan Spooner.
14:26 of 1st period - Shot Misses the Net.
15:17 of 1st period - Clayton Stoner is hit by Kyle Quincey and loses puck.
15:32 of 1st period - Snap shot by Josh Manson.
15:32 of 1st period - Stopped by Cam Ward with a rebound.
15:34 of 1st period - Slapshot by Josh Manson.
15:34 of 1st period - Stopped by Cam Ward with a rebound.
15:36 of 1st period - Wrist shot by Cody Kunyk.
15:36 of 1st period - Goal by Cody Kunyk - Tigers : 0 - Moose : 1.
15:37 of 1st period - Cody McLeod wins face-off versus Derek Roy in neutral zone.
16:10 of 1st period - Penalty to Rasmus Rissanen is over, Rasmus Rissanen is back on ice.
16:19 of 1st period - Penalty to Patrick Kaleta is over, Patrick Kaleta is back on ice.
16:22 of 1st period - Adam Comrie is hit by Clayton Stoner and loses puck.
16:57 of 1st period - Snap shot by Brandon Bollig.
16:57 of 1st period - Shot Blocked by Josh Manson.
16:59 of 1st period - Slapshot by Ian White.
16:59 of 1st period - Shot Misses the Net.
17:01 of 1st period - Backhand shot by Ian White.
17:01 of 1st period - Shot Blocked by Cedric Paquette.
17:03 of 1st period - Slapshot by Kane Lafranchise.
17:03 of 1st period - Deflect By Clayton Stoner.
17:03 of 1st period - Stopped by Sam Brittain with a rebound.
17:05 of 1st period - Slapshot by Kane Lafranchise.
17:05 of 1st period - Stopped by Sam Brittain without a rebound.
17:06 of 1st period - Chandler Stephenson wins face-off versus Garret Ross in Moose zone.
17:09 of 1st period - 10 Minutes Misconduct Penalty to Brady Austin is over.
17:37 of 1st period - Slapshot by Rene Bourque.
17:37 of 1st period - Stopped by Sam Brittain with a rebound.
18:07 of 1st period - Michael Schumacher is hit by Adam Comrie and loses puck.
18:20 of 1st period - Kyle Quincey is hit by Michael Schumacher and loses puck.
18:30 of 1st period - Snap shot by Brandon Bollig.
18:30 of 1st period - Shot Blocked by Joel Edmundson.
18:46 of 1st period - Snap shot by Patrick Kaleta.
18:46 of 1st period - Shot Misses the Net.
19:28 of 1st period - Wrist shot by Brandon Bollig.
19:28 of 1st period - Stopped by Sam Brittain with a rebound.
19:30 of 1st period - Slapshot by Chandler Stephenson.
19:30 of 1st period - Shot Misses the Net.
19:50 of 1st period - David Wohlberg is hit by Carter Rowney.
Goals for this period are 0 for Tigers vs 1 for Moose.
Shots for this period are 10 for Tigers vs 14 for Moose.

2nd period


0:01 of 2nd period - Derek Roy wins face-off versus Alexander Khokhlachev in neutral zone.
1:11 of 2nd period - Ryan Malone is hit by Kyle Quincey and loses puck.
1:16 of 2nd period - Wrist shot by Rene Bourque.
1:16 of 2nd period - Stopped by Sam Brittain with a rebound.
3:02 of 2nd period - Snap shot by Alexander Khokhlachev.
3:02 of 2nd period - Shot Misses the Net.
3:04 of 2nd period - Wrist shot by Alexander Khokhlachev.
3:04 of 2nd period - Shot Misses the Net.
3:06 of 2nd period - Slapshot by Kyle Quincey.
3:06 of 2nd period - Stopped by Sam Brittain with a rebound.
3:08 of 2nd period - Slapshot by Kyle Quincey.
3:08 of 2nd period - Deflect By David Booth.
3:08 of 2nd period - Stopped by Sam Brittain with a rebound.
3:12 of 2nd period - Wrist shot by David Booth.
3:12 of 2nd period - Shot Misses the Net.
3:40 of 2nd period - Slapshot by Clayton Stoner.
3:40 of 2nd period - Shot Misses the Net.
4:18 of 2nd period - Snap shot by Ronalds Kenins.
4:18 of 2nd period - Stopped by Sam Brittain with a rebound.
4:20 of 2nd period - Wrist shot by Ian White.
4:20 of 2nd period - Shot Misses the Net.
4:24 of 2nd period - Slapshot by Ronalds Kenins.
4:24 of 2nd period - Shot Misses the Net.
4:26 of 2nd period - Wrist shot by David Booth.
4:26 of 2nd period - Stopped by Sam Brittain with a rebound.
4:44 of 2nd period - Michael Schumacher is hit by Patrick Kaleta and loses puck.
5:33 of 2nd period - Cody McLeod is hit by Rasmus Rissanen and loses puck.
6:00 of 2nd period - Thomas Larkin is hit by Kyle Quincey and loses puck.
6:07 of 2nd period - Clayton Stoner is hit by Patrick Kaleta and loses puck.
6:28 of 2nd period - Slapshot by Ryan Spooner.
6:28 of 2nd period - Deflect By Cedric Paquette.
6:28 of 2nd period - Shot Blocked by Chandler Stephenson.
6:28 of 2nd period - Puck is out of play.
6:29 of 2nd period - Cody Kunyk wins face-off versus Chandler Stephenson in Tigers zone.
7:00 of 2nd period - Michael Schumacher is hit by Cody McLeod and loses puck.
10:07 of 2nd period - Snap shot by Brady Austin.
10:07 of 2nd period - Shot Misses the Net.
10:09 of 2nd period - Slapshot by Brady Austin.
10:09 of 2nd period - Stopped by Cam Ward without a rebound.
10:10 of 2nd period - Ryan Malone wins face-off versus Chandler Stephenson in Tigers zone.
11:43 of 2nd period - Minor Penalty to Kyle Quincey for Tripping.
11:44 of 2nd period - Derek Roy wins face-off versus Chandler Stephenson in Tigers zone.
11:52 of 2nd period - Icing by Josh Manson.
11:53 of 2nd period - Derek Roy wins face-off versus Chandler Stephenson in Moose zone.
12:18 of 2nd period - Cody McLeod is hit by Ryan Malone and loses puck.
12:48 of 2nd period - Snap shot by Ryan Spooner.
12:48 of 2nd period - Stopped by Cam Ward with a rebound.
12:50 of 2nd period - Slapshot by Brady Austin.
12:50 of 2nd period - Shot Misses the Net.
13:12 of 2nd period - Brandon Bollig is hit by Ryan Malone and loses puck.
13:31 of 2nd period - Ty Rattie is hit by Cedric Paquette and loses puck.
13:43 of 2nd period - Penalty to Kyle Quincey is over, Kyle Quincey is back on ice.
13:48 of 2nd period - Josh Manson is hit by Kyle Quincey and loses puck.
14:04 of 2nd period - Greg McKegg is hit by Adam Comrie.
14:08 of 2nd period - Kyle Quincey is hit by Garret Ross.
14:37 of 2nd period - Ian White is hit by Brady Austin and loses puck.
14:51 of 2nd period - Rene Bourque is hit by David Wohlberg and loses puck.
15:51 of 2nd period - Wrist shot by Cody McLeod.
15:51 of 2nd period - Stopped by Sam Brittain with a rebound.
16:44 of 2nd period - Minor Penalty to Corey Cowick for Hooking.
16:45 of 2nd period - Derek Roy wins face-off versus Cody McLeod in Moose zone.
17:22 of 2nd period - Snap shot by Rene Bourque.
17:22 of 2nd period - Shot Misses the Net.
17:24 of 2nd period - Slapshot by Jordan Leopold.
17:24 of 2nd period - Stopped by Sam Brittain with a rebound.
17:42 of 2nd period - Snap shot by Patrick Kaleta.
17:42 of 2nd period - Shot Blocked by Clayton Stoner.
17:44 of 2nd period - Snap shot by Patrick Kaleta.
17:44 of 2nd period - Shot Blocked by David Wohlberg.
17:46 of 2nd period - Wrist shot by Patrick Kaleta.
17:46 of 2nd period - Shot Blocked by Clayton Stoner.
17:48 of 2nd period - Wrist shot by Rene Bourque.
17:48 of 2nd period - Shot Blocked by Clayton Stoner.
18:24 of 2nd period - Brady Austin is hit by Carter Rowney and loses puck.
18:36 of 2nd period - Off-side.
18:37 of 2nd period - Cody Kunyk wins face-off versus Carter Rowney in neutral zone.
18:44 of 2nd period - Penalty to Corey Cowick is over, Corey Cowick is back on ice.
18:54 of 2nd period - Greg McKegg is hit by Brandon Defazio and loses puck.
19:10 of 2nd period - Brandon Defazio is hit by Greg McKegg and loses puck.
19:31 of 2nd period - Slapshot by Brandon Bollig.
19:31 of 2nd period - Shot Misses the Net.
19:33 of 2nd period - Wrist shot by Brandon Bollig.
19:33 of 2nd period - Shot Misses the Net.
19:35 of 2nd period - Snap shot by Ty Rattie.
19:35 of 2nd period - Goal by Ty Rattie - Tigers : 1 - Moose : 1.
19:36 of 2nd period - Daniil Tarasov wins face-off versus Chandler Stephenson in neutral zone.
Goals for this period are 1 for Tigers vs 0 for Moose.
Shots for this period are 8 for Tigers vs 2 for Moose.

3rd period


0:01 of 3rd period - Derek Roy wins face-off versus Alexander Khokhlachev in neutral zone.
0:08 of 3rd period - Wrist shot by Alexander Khokhlachev.
0:08 of 3rd period - Stopped by Sam Brittain without a rebound.
0:09 of 3rd period - Derek Roy wins face-off versus Alexander Khokhlachev in Moose zone.
0:32 of 3rd period - Snap shot by Cody McLeod.
0:32 of 3rd period - Deflect By David Booth.
0:32 of 3rd period - Shot Misses the Net.
0:32 of 3rd period - Puck is out of play.
0:33 of 3rd period - Carter Rowney wins face-off versus Ryan Malone in Moose zone.
0:47 of 3rd period - Minor Penalty to Ryan Malone for Hooking.
0:48 of 3rd period - Alexander Khokhlachev wins face-off versus Derek Roy in Moose zone.
1:37 of 3rd period - Snap shot by Rene Bourque.
1:37 of 3rd period - Stopped by Sam Brittain with a rebound.
1:47 of 3rd period - Snap shot by Derek Roy.
1:47 of 3rd period - Shot Blocked by Connor Carrick.
1:53 of 3rd period - Snap shot by Derek Roy.
1:53 of 3rd period - Shot Misses the Net.
2:24 of 3rd period - Brady Austin is hit by Cody McLeod and loses puck.
2:47 of 3rd period - Penalty to Ryan Malone is over, Ryan Malone is back on ice.
3:05 of 3rd period - Ty Rattie is hit by Daniil Tarasov and loses puck.
3:12 of 3rd period - Slapshot by Ian White.
3:12 of 3rd period - Shot Blocked by Brady Austin.
3:14 of 3rd period - Wrist shot by Brandon Bollig.
3:14 of 3rd period - Shot Misses the Net.
3:16 of 3rd period - Snap shot by Ty Rattie.
3:16 of 3rd period - Shot Misses the Net.
3:18 of 3rd period - Snap shot by Brandon Bollig.
3:18 of 3rd period - Stopped by Sam Brittain without a rebound.
3:19 of 3rd period - Ryan Malone wins face-off versus Chandler Stephenson in Moose zone.
3:43 of 3rd period - Minor Penalty to Brandon Bollig for Charging.
3:44 of 3rd period - Ryan Malone wins face-off versus Cody McLeod in Tigers zone.
4:34 of 3rd period - Icing by Cedric Paquette.
4:35 of 3rd period - Cody McLeod wins face-off versus Ryan Malone in Moose zone.
5:43 of 3rd period - Penalty to Brandon Bollig is over, Brandon Bollig is back on ice.
6:02 of 3rd period - Wrist shot by Daniil Tarasov.
6:02 of 3rd period - Shot Misses the Net.
6:42 of 3rd period - Rene Bourque is hit by Joel Edmundson and loses puck.
7:39 of 3rd period - Slapshot by Josh Manson.
7:39 of 3rd period - Shot Misses the Net.
8:41 of 3rd period - Snap shot by Michael Schumacher.
8:41 of 3rd period - Shot Blocked by Carter Rowney.
8:43 of 3rd period - Slapshot by Jordon Southorn.
8:43 of 3rd period - Shot Misses the Net.
8:45 of 3rd period - Slapshot by Brady Austin.
8:45 of 3rd period - Stopped by Cam Ward with a rebound.
8:47 of 3rd period - Slapshot by Brady Austin.
8:47 of 3rd period - Shot Blocked by Ian White.
9:12 of 3rd period - Minor Penalty to Cody McLeod for Interference.
9:13 of 3rd period - Chandler Stephenson wins face-off versus Greg McKegg in Tigers zone.
10:44 of 3rd period - Wrist shot by Ryan Spooner.
10:44 of 3rd period - Stopped by Cam Ward with a rebound.
11:12 of 3rd period - Penalty to Cody McLeod is over, Cody McLeod is back on ice.
11:29 of 3rd period - Cody McLeod is hit by Michael Schumacher and loses puck.
12:31 of 3rd period - Wrist shot by Joel Edmundson.
12:31 of 3rd period - Shot Misses the Net.
13:19 of 3rd period - Slapshot by Patrick Kaleta.
13:19 of 3rd period - Stopped by Sam Brittain without a rebound.
13:20 of 3rd period - Ryan Malone wins face-off versus Carter Rowney in Moose zone.
13:22 of 3rd period - Minor Penalty to Garret Ross for Roughing.
13:23 of 3rd period - Derek Roy wins face-off versus Carter Rowney in Moose zone.
13:23 of 3rd period - Derek Roy is hit by Jordan Leopold.
13:30 of 3rd period - Slapshot by Kyle Quincey.
13:30 of 3rd period - Shot Blocked by Clayton Stoner.
13:32 of 3rd period - Snap shot by Carter Rowney.
13:32 of 3rd period - Stopped by Sam Brittain without a rebound.
13:33 of 3rd period - Derek Roy wins face-off versus Carter Rowney in Moose zone.
13:33 of 3rd period - Derek Roy is hit by Carter Rowney.
14:31 of 3rd period - Snap shot by Patrick Kaleta.
14:31 of 3rd period - Stopped by Sam Brittain with a rebound.
14:33 of 3rd period - Slapshot by Kyle Quincey.
14:33 of 3rd period - Deflect By Rene Bourque.
14:33 of 3rd period - Goal by Rene Bourque - Tigers : 2 - Moose : 1.
14:34 of 3rd period - Brandon Bollig wins face-off versus Ryan Malone in neutral zone.
15:00 of 3rd period - Slapshot by Greg McKegg.
15:00 of 3rd period - Shot Misses the Net.
15:02 of 3rd period - Slapshot by Brady Austin.
15:02 of 3rd period - Shot Blocked by Brandon Bollig.
15:06 of 3rd period - Wrist shot by Greg McKegg.
15:06 of 3rd period - Stopped by Cam Ward with a rebound.
15:08 of 3rd period - Wrist shot by Greg McKegg.
15:08 of 3rd period - Shot Misses the Net.
15:10 of 3rd period - Wrist shot by Brady Austin.
15:10 of 3rd period - Deflect By Garret Ross.
15:10 of 3rd period - Shot Misses the Net.
15:10 of 3rd period - Puck is out of play.
15:11 of 3rd period - Carter Rowney wins face-off versus Daniil Tarasov in Tigers zone.
15:24 of 3rd period - Snap shot by Clayton Stoner.
15:24 of 3rd period - Stopped by Cam Ward with a rebound.
15:26 of 3rd period - Snap shot by Daniil Tarasov.
15:26 of 3rd period - Stopped by Cam Ward with a rebound.
15:32 of 3rd period - Snap shot by Daniil Tarasov.
15:32 of 3rd period - Stopped by Cam Ward with a rebound.
15:34 of 3rd period - Slapshot by Josh Manson.
15:34 of 3rd period - Stopped by Cam Ward with a rebound.
15:36 of 3rd period - Slapshot by Michael Schumacher.
15:36 of 3rd period - Stopped by Cam Ward without a rebound.
15:37 of 3rd period - Alexander Khokhlachev wins face-off versus Derek Roy in Tigers zone.
15:37 of 3rd period - Alexander Khokhlachev is hit by Ryan Spooner.
16:22 of 3rd period - Slapshot by Clayton Stoner.
16:22 of 3rd period - Shot Misses the Net.
16:24 of 3rd period - Slapshot by Clayton Stoner.
16:24 of 3rd period - Stopped by Cam Ward with a rebound.
16:56 of 3rd period - Slapshot by Clayton Stoner.
16:56 of 3rd period - Shot Blocked by Chandler Stephenson.
16:58 of 3rd period - Slapshot by Daniil Tarasov.
16:58 of 3rd period - Stopped by Cam Ward with a rebound.
17:14 of 3rd period - Carter Rowney is hit by Josh Manson and loses puck.
18:07 of 3rd period - Minor Penalty to Jordon Southorn for Tripping.
18:08 of 3rd period - Carter Rowney wins face-off versus Derek Roy in Moose zone.
18:11 of 3rd period - Snap shot by Rene Bourque.
18:11 of 3rd period - Deflect By Patrick Kaleta.
18:11 of 3rd period - Stopped by Sam Brittain with a rebound.
18:13 of 3rd period - Snap shot by Rene Bourque.
18:13 of 3rd period - Stopped by Sam Brittain with a rebound.
18:15 of 3rd period - Slapshot by Patrick Kaleta.
18:15 of 3rd period - Shot Blocked by Josh Manson.
18:44 of 3rd period - Cedric Paquette is hit by Cody McLeod and loses puck.
19:40 of 3rd period - Brady Austin is hit by Cody McLeod and loses puck.
Goals for this period are 1 for Tigers vs 0 for Moose.
Shots for this period are 9 for Tigers vs 10 for Moose.